 Dungeon Crawl Stone Soup version 0.17.1-3-g152610e (webtiles) character file.

18292 kaze the Blocker (level 12, -21/104 HPs)
             Began as a Hill Orc Fighter on Apr 6, 2016.
             Was a High Priest of Nemelex Xobeh.
             Killed from afar by a necromancer (34 damage)
             ... with a bolt of fire
             ... on level 13 of the Dungeon on Apr 7, 2016.
             The game lasted 00:35:39 (10827 turns).

kaze the Blocker (Hill Orc Fighter)                Turns: 10827, Time: 00:35:39

Health: -21/104    AC: 19    Str: 23 (24) XL:     12   Next: 57%
Magic:  12/12      EV: 18    Int:  6      God:    Nemelex Xobeh [*****.]
Gold:   1254       SH: 13    Dex: 16      Spells: 0 memorised, 11 levels left

rFire  . . .     SeeInvis +     f - +10 trident of Descent {pierce, Dex+3}
rCold  . . .     Clarity  +     I - +1 scale mail "Sesit" {rPois rN+ SInv}
rNeg   + . .     SustAt   .     c - +0 shield
rPois  +         Gourm    .     (no helmet)
rElec  .         Spirit   .     E - +2 cloak
rCorr  .         Warding  .     N - +2 pair of gloves {Dex+3}
rMut   .         Stasis   .     (no boots)
MR     .....                    (no amulet)
Stlth  ..........               P - +4 ring of evasion
                                C - ring of see invisible

@: studying Long Blades, not resistant to hostile enchantments, extremely
unstealthy
A: molten scales 1, thin metallic scales 1, blurry vision 1, clarity,
deterioration 1, dopey 1, low mp 1, wild magic 1, evolution 1, MP-powered wands
a: Triple Draw, Deal Four, Stack Five, Renounce Religion


You were on level 13 of the Dungeon.
You worshipped Nemelex Xobeh.
Nemelex Xobeh was extremely pleased with you.
You were not hungry.

You visited 1 branch of the dungeon, and saw 13 of its levels.
You also visited: Sewer and Ossuary.

You collected 1254 gold pieces.

Inventory:

Hand Weapons
 f - the +10 trident of Descent (weapon) {pierce, Dex+3}
   (You found it on level 8 of the Dungeon)

   It inflicts extra damage upon your enemies.
   It affects your dexterity (+3).
 T - a +1 mace of holy wrath
Missiles
 s - 2 exploding tomahawks
 A - 19 tomahawks (quivered)
Armour
 c - a +0 shield (worn)
 B - a +0 plate armour
 E - a +2 cloak (worn)
 I - the +1 scale mail "Sesit" (worn) {rPois rN+ SInv}
   (You found it on level 13 of the Dungeon)

   It protects you from poison.
   It protects you from negative energy.
   It lets you see invisible.
 N - a +2 pair of gloves of dexterity (worn)
Jewellery
 C - a ring of see invisible (left hand)
 P - a +4 ring of evasion (right hand)
Wands
 x - a wand of paralysis (17)
 F - a wand of random effects (48)
 L - a wand of teleportation (5)
 Q - a wand of disintegration (15)
 R - a wand of slowing (40)
 V - a wand of polymorph (18)
 W - a wand of slowing (35)
Scrolls
 k - 10 scrolls of teleportation
 o - 3 scrolls of remove curse
 q - 10 scrolls of identify
 t - 2 scrolls of enchant weapon
 w - a scroll of fog
 y - a scroll of fear
 M - 5 scrolls of amnesia
 S - a scroll of blinking
 U - a scroll of recharging
Potions
 d - 2 potions of might
 i - 3 potions of lignification
 r - 4 potions of brilliance
 z - 9 potions of curing
 D - a potion of agility
 H - a potion of haste
 J - 2 potions of resistance
Books
 a - a book of Party Tricks

   Spells                             Type                      Level
   a - Summon Butterflies             Summoning                    1
   b - Apportation                    Translocation                1
   c - Tukima's Dance                 Hexes                        3
   d - Alistair's Intoxication        Transmutation/Poison         4
   e - Invisibility                   Hexes                        6
 G - a manual of Long Blades
Miscellaneous
 h - a plain deck of escape
 j - an ornate deck of escape
 m - a plain deck of war
 n - a plain deck of war {drawn: 1}
 p - a plain deck of destruction
 u - a plain deck of destruction {drawn: 1}
 O - an ornate deck of escape
 Y - an ornate deck of war
Comestibles
 b - 2 slices of pizza
 e - 2 bread rations
 l - 5 meat rations
 v - 23 fruits


   Skills:
 + Level 9.2 Fighting
   Level 4.9(8.0) Axes
 + Level 8.3(8.7) Polearms
 + Level 1.0 Throwing
 * Level 10.9 Armour
 * Level 6.8 Dodging
 * Level 12.7 Shields
 + Level 2.2 Evocations


You had 11 spell levels left.
You didn't know any spells.

Dungeon Overview and Level Annotations

Branches:
Dungeon (13/15)            Temple (0/1) D:7            Lair (0/8) D:8
    Orc (0/4) D:10
 Vaults: D:13-14

Altars:
Ashenzari
Cheibriados
Dithmenos
Elyvilon
Fedhas
Gozag
Makhleb
Nemelex Xobeh
Okawaru
Ru
Vehumet
Xom
Yredelemnul
Zin

Shops:
D:8 *   D:9 ?[   D:13 ?


Innate Abilities, Weirdness & Mutations

You are partially covered in molten scales (AC +1).
You are partially covered in thin metallic scales (AC +2).
Scrolls take you a little longer to read.
You possess an exceptional clarity of mind.
Your body sometimes deteriorates upon taking damage.
You are dopey. (Int -2)
Your magical capacity is low (-10% MP).
Your spells are a little harder to cast, but a little more powerful.
You evolve.
You expend magic power (3 MP) to strengthen your wands.


Message History

The hill giant hits you with a giant club!!
* * * LOW HITPOINT WARNING * * *
Unknown command.
Drink which item? (? for menu, Esc to quit)
You feel better. The hill giant closely misses you.
You puncture the hill giant!
You kill the hill giant!
You block the orc's attack.
You closely miss the orc. You block the orc's attack.
You puncture the orc!
You kill the orc!
z - 9 potions of curing (gained 1)
Things that are here:
an orc corpse; a hydra corpse A necromancer comes into view.
It is wielding a dagger.
The necromancer shouts!
You hear a bellow!
You hear a bellow!
The necromancer casts a spell at you. The bolt of fire hits you!
You die...
Your body glows with a rainbow of weird colours and disappears.

#.............########.
##...#######..# #.
##.## #####..########.
#.# #...............
#.####.####..########
#......).....# #
#.#####...##.########
##.#..(...(...........
#..#.@#######.########
#..#..#∩,,+,#.#
#..#)†#,,,*,#.########
#..#..#****,#........#
#(.#..p,,,,,#.######.#
#..##########..#####.#
#.............<.......
#.####.######..#####.#
#.####.........# #.#


You could see a necromancer.

Vanquished Creatures
  The ghost of ThereIsNoGod the Blocker, a journeyman FoFi of Cheibriados (D:11)
  2 hydras
  A centaur warrior (D:13)
  A shock serpent (D:10)
  A deep troll (D:13)
  3 hill giants
  2 ugly things
  A griffon (D:13)
  2 gargoyles
  A centaur skeleton (D:11)
  2 trolls
  Prince Ribbit (D:7)
  A slime creature (D:10)
  2 wyverns
  2 deep elf magi
  The ghost of emiel the Chopper, an amateur HOHu of Trog (D:4)
  A wraith (D:11)
  A hog (shapeshifter) (D:13)
  3 yaks (D:9)
  Grum (D:8)
  A deep elf fighter (D:8)
  4 wolves (D:8)
  A hungry ghost (D:9)
  A yak (shapeshifter) (D:13)
  2 hippogriffs
  4 wargs (D:10)
  3 vampire mosquitoes (D:13)
  A mottled dragon (D:13)
  4 ice beasts
  3 ogres
  2 orc warriors
  6 sky beasts
  5 phantoms
  11 centaurs
  A crocodile (D:13)
  2 giant frogs
  4 big kobolds
  A wyvern skeleton (D:9)
  2 scorpions
  14 killer bees
  3 crimson imps
  2 centaur zombies
  6 hounds
  7 worker ants
  2 giant frog skeletons
  4 orc priests
  13 jellies
  8 orc wizards
  2 iguanas
  A big kobold zombie (Ossuary)
  A hound zombie (D:6)
  A hound skeleton (D:7)
  2 worker ant zombies
  9 mummies
  Robin (D:4)
  5 river rats
  13 adders
  4 gnolls (D:3)
  2 shadow imps
  10 oozes
  An adder zombie (D:9)
  5 giant geckos
  33 orcs
  3 ball pythons
  7 giant cockroaches
  2 gnoll zombies (Ossuary)
  13 goblins
  11 hobgoblins
  16 jackals
  3 quokkas
  15 bats
  2 giant gecko skeletons
  5 giant newts
  A goblin zombie (D:5)
  A hobgoblin zombie (Ossuary)
  14 kobolds
  3 kobold zombies
  2 orc zombies (Ossuary)
  A quokka skeleton (D:6)
  30 rats
366 creatures vanquished.

Vanquished Creatures (collateral kills)
  A wolf spider zombie (D:13)
  An eye of draining (D:13)
  An ogre (D:5)
  3 orc priests (D:7)
  An orc wizard (D:7)
  An adder (D:5)
  A giant gecko (D:7)
  2 orcs (D:7)
  2 hobgoblins (D:4)
  A quokka (D:4)
14 creatures vanquished.

Vanquished Creatures (others)
  A two-headed ogre (D:9)
  An ogre (D:9)
  A big kobold (D:9)
  10 fungi (D:10)
13 creatures vanquished.

Grand Total: 393 creatures vanquished

Notes
Turn   | Place    | Note
--------------------------------------------------------------
     0 | D:1      | kaze the Hill Orc Fighter began the quest for the Orb.
     0 | D:1      | Reached XP level 1. HP: 19/19 MP: 1/1
   103 | D:1      | Reached XP level 2. HP: 22/27 MP: 2/2
   212 | D:1      | Reached skill level 4 in Fighting
   325 | D:1      | Found a sparkling altar of Nemelex Xobeh.
   336 | D:1      | Became a worshipper of Nemelex Xobeh the Trickster
   354 | D:1      | Reached XP level 3. HP: 23/33 MP: 3/3
   538 | D:2      | Received a gift from Nemelex Xobeh
   592 | D:2      | Found a faded altar to an unknown god.
   828 | D:2      | Found a shattered altar of Ashenzari.
   939 | D:2      | Found a snail-covered altar of Cheibriados.
   940 | D:2      | Found a burning altar of Makhleb.
   940 | D:2      | Found a radiant altar of Vehumet.
  1151 | D:3      | Found a white marble altar of Elyvilon.
  1158 | D:3      | Reached skill level 1 in Dodging
  1158 | D:3      | Reached XP level 4. HP: 33/40 MP: 4/4
  1192 | D:3      | Reached * piety under Nemelex Xobeh
  1192 | D:3      | Received a gift from Nemelex Xobeh
  1301 | D:3      | Reached XP level 5. HP: 41/46 MP: 5/5
  1329 | D:3      | Noticed a centaur
  1343 | D:3      | Killed a centaur
  1358 | D:3      | Reached XP level 6. HP: 33/53 MP: 6/6
  1507 | D:3      | Found a glowing silver altar of Zin.
  1587 | D:3      | Found a glowing drain.
  1621 | Sewer    | Entered a sewer
  1769 | Sewer    | Reached skill level 5 in Shields
  1888 | Sewer    | Reached skill level 5 in Armour
  1888 | Sewer    | Reached XP level 7. HP: 52/60 MP: 7/7
  2187 | D:4      | Reached skill level 5 in Fighting
  2230 | D:4      | Received a gift from Nemelex Xobeh
  2242 | D:4      | Noticed emiel's ghost (amateur HOHu)
  2244 | D:4      | Noticed Robin
  2262 | D:4      | Killed Robin
  2264 | D:4      | Killed emiel's ghost
  2264 | D:4      | Reached skill level 6 in Shields
  2296 | D:4      | Reached ** piety under Nemelex Xobeh
  2312 | D:4      | Found a shadowy altar of Dithmenos.
  2431 | D:4      | Found an opulent altar of Gozag.
  2431 | D:4      | Found an iron altar of Okawaru.
  2470 | D:4      | Received a gift from Nemelex Xobeh
  2581 | D:5      | Entered Level 5 of the Dungeon
  2590 | D:5      | Found a shattered altar of Ashenzari.
  2614 | D:5      | Reached XP level 8. HP: 35/68 MP: 8/8
  2830 | D:5      | Received a gift from Nemelex Xobeh
  2917 | D:5      | Found a sand-covered staircase.
  2927 | Ossuary  | Entered an ossuary
  2930 | Ossuary  | Gained mutation: You are weak. (Str -2) [helix card]
  2960 | Ossuary  | Reached skill level 1 in Axes
  3311 | Ossuary  | Reached *** piety under Nemelex Xobeh
  3318 | Ossuary  | Reached skill level 7 in Shields
  3602 | D:5      | Gained mutation: You expend magic power (3 MP) to strengthen your wands. [mutagenic meat]
  3603 | D:5      | Gained mutation: Scrolls take you a little longer to read. [mutagenic meat]
  3604 | D:5      | Gained mutation: You evolve. [mutagenic meat]
  3605 | D:5      | Gained mutation: You are partially covered in thin metallic scales (AC +2). [mutagenic meat]
  3606 | D:5      | Gained mutation: You are dopey. (Int -2) [mutagenic meat]
  3610 | D:5      | Received a gift from Nemelex Xobeh
  3614 | D:5      | Gained mutation: Your magical capacity is low (-10% MP). [evolution]
  3621 | D:5      | Gained mutation: Your body sometimes deteriorates upon taking damage. [potion of mutation]
  4007 | D:6      | Received a gift from Nemelex Xobeh
  4061 | D:6      | Reached XP level 9. HP: 67/75 MP: 8/8
  4671 | D:7      | Reached skill level 1 in Evocations
  4725 | D:7      | Lost mutation: You are weak. (Str -2) [evolution]
  4783 | D:7      | Reached skill level 8 in Shields
  4906 | D:7      | Noticed Prince Ribbit
  4923 | D:7      | Killed Prince Ribbit
  5304 | D:7      | Found a sacrificial altar of Ru.
  5393 | D:7      | Found a staircase to the Ecumenical Temple.
  5517 | D:7      | Reached **** piety under Nemelex Xobeh
  6017 | D:8      | Found Umax's General Store.
  6064 | D:8      | Got a transparent trident
  6065 | D:8      | Identified the +10 trident of Descent {pierce, Dex+3} (You found it on level 8 of the Dungeon)
  6072 | D:8      | Received a gift from Nemelex Xobeh
  6277 | D:8      | Reached XP level 10. HP: 77/84 MP: 10/10
  6374 | D:8      | Found a staircase to the Lair.
  6440 | D:8      | Noticed Grum
  6444 | D:8      | Reached skill level 5 in Dodging
  6446 | D:8      | Killed Grum
  6450 | D:8      | Reached skill level 9 in Shields
  6578 | D:9      | Received a gift from Nemelex Xobeh
  6615 | D:9      | Found Qyirizoq's Magic Scroll Shop.
  6698 | D:9      | Reached ***** piety under Nemelex Xobeh
  6714 | D:9      | Found a basalt altar of Yredelemnul.
  6811 | D:9      | Found Zaitex Ylos's Armour Boutique.
  6878 | D:9      | Found a shimmering altar of Xom.
  6944 | D:9      | Gained mutation: You possess an exceptional clarity of mind. [mutagenic meat]
  6990 | D:9      | Found a blossoming altar of Fedhas.
  7084 | D:9      | Reached skill level 5 in Polearms
  7211 | D:10     | Entered Level 10 of the Dungeon
  7572 | D:10     | Received a gift from Nemelex Xobeh
  7588 | D:10     | Noticed Nergalle
  7611 | D:10     | Noticed Nergalle
  7611 | D:10     | Nergalle changed into Nergalle the shock serpent
  7613 | D:10     | Killed Nergalle the shock serpent
  7613 | D:10     | Reached skill level 10 in Shields
  7759 | D:10     | Gained mutation: You are partially covered in molten scales (AC +1). [evolution]
  7767 | D:10     | Reached XP level 11. HP: 86/94 MP: 11/11
  7776 | D:10     | Found a staircase to the Orcish Mines.
  8373 | D:11     | Reached skill level 10 in Armour
  8432 | D:11     | Received a gift from Nemelex Xobeh
  8443 | D:11     | Found a labyrinth entrance.
  8465 | D:11     | Noticed a four-headed hydra
  8676 | D:11     | Noticed ThereIsNoGod's ghost (journeyman FoFi)
  8696 | D:11     | Killed ThereIsNoGod's ghost
  8696 | D:11     | Reached skill level 11 in Shields
  8709 | D:11     | Killed a four-headed hydra
  8984 | D:12     | Found a blossoming altar of Fedhas.
  9596 | D:12     | Noticed a hill giant
  9604 | D:12     | Killed a hill giant
  9665 | D:12     | Received a gift from Nemelex Xobeh
  9923 | D:13     | Reached XP level 12. HP: 93/103 MP: 12/12
  9952 | D:13     | Reached skill level 1 in Throwing
  9952 | D:13     | Reached skill level 12 in Shields
  9969 | D:13     | Gained mutation: Your spells are a little harder to cast, but a little more powerful. [mutagenic meat]
  9973 | D:13     | Got a jewelled scale mail
  9984 | D:13     | Identified the +1 scale mail "Sesit" {rPois rN+ SInv} (You found it on level 13 of the Dungeon)
 10080 | D:13     | Received a gift from Nemelex Xobeh
 10118 | D:13     | Noticed a hill giant
 10123 | D:13     | Killed a hill giant
 10165 | D:13     | Noticed Nessos
 10169 | D:13     | Noticed Nessos
 10169 | D:13     | Nessos changed into Nessos the deep troll
 10172 | D:13     | Killed Nessos the deep troll
 10380 | D:13     | Found Qachifoz's Magic Scroll Emporium.
 10408 | D:13     | Noticed a centaur warrior
 10426 | D:13     | Killed a centaur warrior
 10801 | D:13     | Noticed a hill giant
 10802 | D:13     | Noticed a seven-headed hydra
 10810 | D:13     | Killed a seven-headed hydra
 10819 | D:13     | HP: 1/104 [hill giant/giant club (24)]
 10821 | D:13     | Killed a hill giant
 10827 | D:13     | Noticed a necromancer
 10827 | D:13     | Killed from afar by a necromancer

Action                   |  1- 3 |  4- 6 |  7- 9 | 10-12 || total
-------------------------+-------+-------+-------+-------++-------
Melee: Trident           |   184 |   297 |   161 |   563 ||  1205
       War axe           |       |       |   319 |       ||   319
Throw: Tomahawk          |       |       |       |     7 ||     7
Evoke: Deck              |       |       |    35 |    15 ||    50
  Use: Potion            |       |       |    14 |     2 ||    16
       Scroll            |       |       |    15 |     6 ||    21
  Eat: Bread ration      |     1 |       |     4 |     3 ||     8
       Chunk             |       |       |     6 |     4 ||    10
       Beef jerky        |       |       |       |     1 ||     1
